 Dungeon Crawl Stone Soup version 0.23-a0-419-g0174fd8 (webtiles) character file.

569 galech the Chopper (level 7, -1/54 HPs)
             Began as a Demonspawn Fighter on Nov 13, 2018.
             Was a Follower of Okawaru.
             Slain by a two-headed ogre
             ... wielding a +0 giant spiked club
              (17 damage)
             ... on level 5 of the Dungeon.
             The game lasted 00:05:19 (4381 turns).

galech the Chopper (Demonspawn Fighter)             Turns: 4381, Time: 00:05:20

Health: -1/54      AC: 11    Str: 22    XL:     7   Next: 11%
Magic:  0/7        EV: 13    Int:  9    God:    Okawaru [*.....]
Gold:   195        SH: 12    Dex: 16    Spells: 6/6 levels left

rFire    . . .     SeeInvis +   a - +0 war axe
rCold    . . .     Gourm    .   c - +0 shield
rNeg     . . .     Faith    .   b - +0 scale mail
rPois    .         Spirit   +   (no helmet)
rElec    .         Reflect  .   q - +0 cloak
rCorr    .         Harm     .   (no gloves)
MR       .....                  (no boots)
Stlth    ++........             (no amulet)
HPRegen  0.18/turn              g - +2 ring of dexterity
MPRegen  0.10/turn              t - ring of see invisible

@: mighty, heroism
A: slimy green scales 1, powered by pain 1, magic shield
a: Heroism, Renounce Religion


You were on level 5 of the Dungeon.
You worshipped Okawaru.
Okawaru was aware of your devotion.
You were hungry.

You visited 2 branches of the dungeon, and saw 6 of its levels.

You collected 195 gold pieces.

Inventory:

Hand Weapons
 a - a +0 war axe (weapon)
Armour
 b - a +0 scale mail (worn)
 c - a +0 shield (worn)
 q - a +0 cloak (worn)
Jewellery
 g - a +2 ring of dexterity (left hand)
 t - a ring of see invisible (right hand)
Wands
 x - a wand of digging (6)
Scrolls
 e - 2 scrolls of remove curse
 h - a scroll of noise
 i - 2 scrolls of enchant armour
 j - 2 scrolls of fog
 k - a scroll of blinking {unknown}
 l - 2 scrolls of teleportation {unknown}
 m - a scroll of fear {unknown}
 o - a scroll of random uselessness {unknown}
 s - 3 scrolls of identify
Potions
 n - 2 potions of lignification
 p - 3 potions of haste {unknown}
 r - a potion of agility {unknown}
 u - a potion of mutation {unknown}
 v - a potion of degeneration {unknown}
 w - a potion of cancellation {unknown}
Comestibles
 f - 8 rations


   Skills:
 + Level 4.0(9.0) Fighting
 + Level 5.0(10.0) Axes
 + Level 3.9(8.9) Armour
 + Level 1.5(6.5) Dodging
 + Level 0.4(5.4) Stealth
 + Level 3.7(8.7) Shields


You had 6 spell levels left.
You didn't know any spells.
Your spell library was empty.

Dungeon Overview and Level Annotations

Branches:
Dungeon (5/15)             Temple (1/1) D:4

Altars:
Cheibriados
Fedhas
Gozag
Hepliaklqana
Makhleb
Nemelex Xobeh
Okawaru
Qazlal
Ru
Trog
Uskayaw
Vehumet
Wu Jian
Xom
Zin
The Shining One

Shops:
D:4 *

Annotations:
D:4 3 runed doors, PeterLawrence's ghost, novice MiFi


Innate Abilities, Weirdness & Mutations

You are partially covered in slimy green scales. (AC +2)
You sometimes gain a little power by taking damage.
When hurt, damage is shared between your health and your magic reserves.


Message History

The two-headed ogre hits you with a +0 giant club!
You slash the two-headed ogre!
The two-headed ogre is heavily wounded.
Your shield prevents you from hitting the two-headed ogre.
The two-headed ogre is heavily wounded.
You block the two-headed ogre's attack. The two-headed ogre closely misses you.
You slash the two-headed ogre!
The two-headed ogre is severely wounded.
The two-headed ogre hits you with a +0 giant spiked club!!
* * * LOW HITPOINT WARNING * * *
You focus on the pain.
You feel your power returning. You block the two-headed ogre's attack.
You are too injured to fight recklessly!
You are too injured to fight recklessly!
You are too injured to fight recklessly!
You are too injured to fight recklessly!
You slash the two-headed ogre!
The two-headed ogre is almost dead.
The two-headed ogre hits you with a +0 giant spiked club!!
You die...

#......# #......# ..
#......# .# ##......#
.#.##......# .#.
#......######### ..
#......'.......# #### .#
#......#######.####
#...#.#####@..........#.##..
#.<.....O.#.....###.#....#
#.........#.....# #.######
#.........#.....###.......
#l........#..........#####
..........#.###.####.#....
###.......##.#.....##...###
#.......##.#.#.#.######
#.......##.#...#.# ####


You could see a two-headed ogre.

Vanquished Creatures
  A sky beast (D:4)
  2 scorpions (D:4)
  A howler monkey (D:4)
  2 orc priests (D:4)
  4 worker ants (D:4)
  9 adders
  3 oozes
  A worm (D:3)
  8 dart slugs
  3 leopard geckos
  3 orcs
  6 giant cockroaches
  4 goblins
  10 hobgoblins
  6 jackals
  2 quokkas
  8 bats
  4 frilled lizards
  11 kobolds
  A quokka skeleton (D:4)
  4 rats
93 creatures vanquished.

Notes
Turn   | Place    | Note
-------+----------+-------------------------------------------
     0 | D:1      | galech the Demonspawn Fighter began the quest for the Orb.
     0 | D:1      | Reached XP level 1. HP: 18/18 MP: 1/1
    64 | D:1      | Gained mutation: You are partially covered in slimy green
                  | scales. (AC +2) [demonic ancestry]
    64 | D:1      | Reached XP level 2. HP: 12/24 MP: 2/2
   192 | D:1      | Reached skill level 2 in Axes
   455 | D:1      | Gained mutation: You sometimes gain a little power by
                  | taking damage. [demonic ancestry]
   455 | D:1      | Reached XP level 3. HP: 29/29 MP: 3/3
  1397 | D:2      | Gained mutation: When hurt, damage is shared between your
                  | health and your magic reserves. [demonic ancestry]
  1397 | D:2      | Reached XP level 4. HP: 31/35 MP: 4/4
  1736 | D:2      | Found a blossoming altar of Fedhas.
  2012 | D:3      | Reached skill level 3 in Axes
  2074 | D:3      | Found a snail-covered altar of Cheibriados.
  2283 | D:3      | Noticed a water elemental
  2285 | D:3      | Found a stormy altar of Qazlal.
  2299 | D:3      | Found a hide-covered altar of Uskayaw.
  2383 | D:3      | Noticed an air elemental
  2385 | D:3      | Noticed an earth elemental
  2386 | D:3      | Noticed a fire elemental
  2788 | D:3      | Reached XP level 5. HP: 37/41 MP: 5/5
  2792 | D:3      | Reached skill level 1 in Dodging
  2904 | D:4      | Found a staircase to the Ecumenical Temple.
  2911 | Temple   | Entered the Ecumenical Temple
  2940 | Temple   | Became a worshipper of Warmaster Okawaru
  3048 | D:4      | Noticed a sky beast
  3060 | D:4      | Killed a sky beast
  3060 | D:4      | Reached skill level 4 in Axes
  3068 | D:4      | Found a runed gate.
  3068 | D:4      | Found a runed gate.
  3068 | D:4      | Found a runed gate.
  3165 | D:4      | Noticed PeterLawrence's ghost (novice MiFi)
  3224 | D:4      | Reached XP level 6. HP: 40/47 MP: 6/6
  3311 | D:4      | Reached * piety under Okawaru
  3531 | D:4      | Found Ecry's Assorted Antiques.
  3970 | D:4      | Reached XP level 7. HP: 41/53 MP: 3/7
  4066 | D:4      | Reached skill level 5 in Axes
  4285 | D:5      | Entered Level 5 of the Dungeon
  4285 | D:5      | Noticed a two-headed ogre
  4381 | D:5      | Slain by a two-headed ogre

Vault maps used:
D:1:      evilmike_arrival_crescent
D:2:      fedhas_altar_4
D:3:      lemuel_doored_altar, nicolae_qazlal_style_of_elements,
          kennysheep_slug_shrine, first_ration, grunt_ministairs_6, minivault_5
D:4:      minmay_temple_entry_junction, serial_shops,
          nicolae_shop_overgrown_old_shop, ebering_ghost_rock_garden,
          hangedman_decor_growths
D:5:      lemuel_castle_with_subvaults, old_standard_altar, led_sif_book,
          uniq_menkaure
Temple:   minmay_temple_bridge_abc

Skill      XL: |  1  2  3  4  5  6  7 |
---------------+----------------------+-----
Axes           | 2 3 4 5 |  5.0
Shields        | 3 |  3.7
Armour         | 3 |  3.9
Dodging        | 1 |  1.5
Fighting       | 4 |  4.0
Stealth        | |  0.4

Action                   |  1- 3 |  4- 6 |  7- 9 || total
-------------------------+-------+-------+-------++-------
Melee: War axe           |   165 |   195 |    17 ||   377
Invok: Heroism           |       |       |     1 ||     1
  Use: Scroll            |       |     4 |       ||     4
       Potion            |       |     2 |     1 ||     3
  Eat: Chunk             |     2 |     8 |     1 ||    11
Armor: Scale mail        |   114 |   111 |     7 ||   232
Dodge: Dodged            |    49 |    62 |     3 ||   114
Block: Shield            |    88 |   113 |     6 ||   207

Table legend:
 A = Non-vault XP
 B = Vault XP
 C = Vault XP percentage of total XP
 D = Non-vault monster count
 E = Vault monster count
 F = Vault count percentage of total count
                 A         B        C        D         E       F
            +---------+---------+-------+---------+---------+-------
      Total |     792 |      22 |   2.7 |      90 |       3 |   3.2
            +---------+---------+-------+---------+---------+-------
        D:1 |      60 |       0 |   0.0 |      28 |       0 |   0.0
        D:2 |      69 |       0 |   0.0 |      26 |       0 |   0.0
        D:3 |      63 |      22 |  25.9 |      17 |       3 |  15.0
        D:4 |     600 |       0 |   0.0 |      19 |       0 |   0.0
            +---------+---------+-------+---------+---------+-------
